Description

Aggressive opener into Macro Play.

Replay - Troizinia LE (121) Baseline

Build Order

Get SALT Encoding   

  12  0:01  Drone  
  13  0:12  Overlord  
  13  0:16  Drone  
  14  0:30  Drone x2  
  16  0:50  Hatchery  
  16  0:52  Drone x2  
  17  0:59  Drone  
  18  1:02  Extractor  
  17  1:16  Spawning Pool  
  16  1:21  Drone x2  
  18  1:28  Drone  
  19  1:38  Overlord  
  20  2:02  Metabolic Boost, Queen  
  20  2:08  Queen  
  22  2:13  Zergling x4  
  25  2:19  Zergling x4  
  28  2:25  Zergling x2  
  29  2:31  Overlord  
  29  2:35  Zergling x2  
  30  2:41  Zergling x4  
  32  2:47  Zergling x2  
  33  2:53  Zergling x2  
  35  3:03  Lair  
  35  3:21  Hatchery  
  34  3:29  Baneling Nest  
Spawning Tool Build Advisor. Get it on Overwolf

Go to:

Details

  • Created by: Sieget01
  • Published on: Apr 21, 2020
  • Modified on: Apr 21, 2020
  • Patch: 4.11.0
Show
View Real Time Build Order
Export as new Build Order

Comments (0)

There are no comments. Be the first!

Create an account to comment!